[Event "3rd President Cup-A 2024"]
[Site "Tashkent"]
[Date "2024.11.28"]
[Round "8.23"]
[White "Zarubitski, Viachaslau"]
[Black "Degenbaev, Aziz"]
[Result "1-0"]
[ECO "A25"]
[WhiteElo "2389"]
[BlackElo "2260"]
[Annotator "TA"]
[PlyCount "93"]
[EventDate "2024.11.22"]
[EventType "swiss"]
[EventCountry "UZB"]
[SourceTitle "playchess.com"]
[Source "ChessBase"]
[SourceQuality "1"]
[TimeControl "5400+30"]

1. c4 e5 2. Nc3 Nc6 3. g3 Bc5 4. Bg2 d6 5. a3 a6 6. e3 Ba7 7. Nge2 h5 8. h3 h4 9. g4 f5 10. gxf5 Bxf5 11. d4 Qd7 12. b4 Nf6 13. Bb2 (13. d5 $11 Nd8 14. e4) 13... exd4 $17 14. exd4 O-O-O 15. Bc1 Qf7 16. b5 axb5 $1 17. Nxb5 (17. cxb5 $17 Na5 18. Bg5) 17... Bb6 $19 (17... Qxc4 18. Nxa7+ Nxa7 19. Be3 $17 (19. O-O Bc2 $17)) 18. Qa4 Be4 19. Rg1 $2 (19. O-O) 19... Na5 (19... Bxg2 $142 20. Rxg2 Nh5) 20. c5 dxc5 21. dxc5 Bxc5 22. Be3 (22. Qxa5 $2 Bxf2+ 23. Kf1 Rd1+ $19 (23... Bxg1 $2 24. Bf4 $19)) 22... Bxe3 $2 (22... Nb3 $1 $19 23. Qa8+ Kd7) 23. fxe3 $11 Bxg2 24. Rxg2 (24. Rc1 $1 $11 Bc6 (24... Bxh3 $2 25. Qxa5 Ne8 26. Nf4 $18) 25. Qxa5 Bxb5 26. Qa8+ Kd7 27. Qxb7) 24... b6 $17 25. Ned4 $2 (25. Rc1 $17 {is the only way for White.} c5 26. Qf4) 25... Rhe8 26. O-O-O c5 $2 (26... Rxe3 27. Rc2 Rd7 (27... Rxh3 28. Nxc7 Rxd4 29. Nb5+ Kb8 30. Nxd4 $16) 28. Na7+ Kb7 29. Nac6 $19) (26... Kb7 $19 {[%cal Of6e4] ...Ne4! is the strong threat.} 27. Rdg1 Nh5 (27... Rxe3 28. Rxg7 Rxd4 29. Qxd4 $17)) 27. Nf5 $11 {[%emt 0:02:22][%csl LRg7,LRh4] Chess con chili.} Qb3 (27... Rxd1+ $11 28. Qxd1 Qc4+ 29. Rc2 Qb3 (29... Qxb5 $2 30. Nd6+ Kb8 31. Nxb5 $18) (29... Nb3+ $2 30. Kb2 $18)) 28. Nbd6+ $1 $16 Kb8 29. Qxb3 Nxb3+ 30. Kc2 {[%emt 0:00:03][%cal Og2g7] White is more active.} Re5 (30... Re6 $16) 31. Rxg7 $1 $40 {[%emt 0:04:53][%cal Od6f7][%mdl 128] White has strong attack.} (31. Kxb3 Rxf5 32. Nxf5 (32. Rxg7 Rd5 $11) 32... Rxd1 $11) 31... Na5 {[%emt 0:00:47] [#]} (31... c4 $142 32. Rb7+ (32. Nxh4 Rxe3 33. Rb7+ Ka8 $19) (32. Nxc4 Na1+ 33. Kc3 Ne4+ 34. Kb4 Nc2+ 35. Kb3 Na1+ 36. Rxa1 Rb5+ 37. Kc2 Rxf5 $14) 32... Ka8) 32. Rb1 $1 (32. Nxh4 Rxe3 $17) 32... Rd7 {[%emt 0:00:32] [#]} 33. Rg6 $1 (33. Rxb6+ Kc7 34. Ra6 (34. Rxd7+ Kxd7 35. Rb5 Nc6 $16) 34... Rxg7 35. Ra7+ (35. Nxg7 Rxe3 36. Nb5+ Kb8 $18) 35... Kc6 36. Rxg7 Nd5 $16) 33... Re6 $2 (33... Ne4 {is a better defense.} 34. Rxb6+ Kc7) 34. Rxb6+ Kc7 35. Rb5 Nc6 36. Rb7+ (36. Rxc5 Rdxd6 37. Nxd6 Kxd6 $18) 36... Kd8 37. Nf7+ Ke8 38. Rxd7 Kxd7 39. Ng5 $1 ({Less strong is} 39. Nxh4 Rxe3 40. Rxf6 Rxh3 $16) 39... Ne7 40. Nxe7 (40. Nxh4 Nxg6 41. Nxe6 Nxh4 42. Nxc5+ Kc6 $17) 40... Rxe7 41. Rxf6 Rxe3 {[%emt 0:00:04][%mdl 4096] Endgame KRN-KR} 42. Rf3 Re2+ 43. Kd3 Ra2 44. Kc4 Rc2+ 45. Kd5 {[%emt 0:00:20] Hoping for Ne4.} c4 46. Ne4 Ke7 {[%emt 0:00:34] Inhibits Rf7+.} 47. Rc3 1-0